 Dungeon Crawl Stone Soup version 0.21.1-1-g345015f (console) character file.

222 tminei the Digger (level 5, -15/29 HPs)
             Began as a Gargoyle Earth Elementalist on July 17, 2018.
             Was an Initiate of Ashenzari.
             Demolished by an ogre
             ... wielding a +0 giant club
              (24 damage)
             ... on level 4 of the Dungeon.
             The game lasted 00:45:15 (3111 turns).

tminei the Digger (Gargoyle Earth Elementalist)     Turns: 3111, Time: 00:45:16

Health: -15/29     AC:  6    Str: 11    XL:     5   Next: 99%
Magic:  2/10       EV: 12    Int: 17    God:    Ashenzari [......]
Gold:   100        SH:  0    Dex: 10    Spells: 0/10 levels left

rFire    . . .     SeeInvis .   o - +0 short sword
rCold    . . .     Gourm    .   (no shield)
rNeg     + . .     Faith    .   c - +0 robe
rPois    ∞         Spirit   .   (no helmet)
rElec    +         Reflect  .   (no cloak)
rCorr    .         Harm     .   (no gloves)
MR       .....                  (no boots)
Stlth    ++........             t - amulet of rage
HPRegen  0.09/turn              (no ring)
MPRegen  0.12/turn              (no ring)

@: no status effects
A: negative energy resistance 1, electricity resistance, unbreathing,
petrification resistance, rot immunity, AC +4
a: Curse Item, Renounce Religion, Evoke Berserk Rage


You were on level 4 of the Dungeon.
You worshipped Ashenzari.
Ashenzari was noncommittal.
You were hungry.

You visited 1 branch of the dungeon, and saw 5 of its levels.

You collected 100 gold pieces.

Inventory:

Hand Weapons
 k - a +0 hunting sling
 o - a +0 short sword (weapon)
Missiles
 b - 84 stones (quivered)
 g - 24 bolts
 h - 32 arrows
 n - 6 curare-tipped needles
 r - 11 poisoned needles
Armour
 c - a +0 robe (worn)
 l - a +0 leather armour
Jewellery
 i - an uncursed ring of fire
 t - an amulet of rage (around neck)
Wands
 w - a wand of enslavement (17)
Scrolls
 a - a scroll of enchant armour
 f - a scroll of remove curse
 q - 3 scrolls of identify
Potions
 m - 2 potions of brilliance
 p - a potion of agility {unknown}
Books
 e - a book of Geomancy

   Spells                             Type                      Level
   a - Sandblast                      Earth                        1
   b - Passwall                       Transmutation/Earth          2
   c - Stone Arrow                    Conjuration/Earth            3
   d - Petrify                        Transmutation/Earth          4
   e - Lee's Rapid Deconstruction     Earth                        5
Comestibles
 d - a ration
 j - 4 chunks of flesh


   Skills:
 + Level 1.0 Fighting
 + Level 1.3 Short Blades
 + Level 2.4 Dodging
 + Level 2.9 Stealth
 + Level 3.4 Spellcasting
 + Level 0.3 Conjurations
 + Level 0.7 Transmutations
 + Level 4.9 Earth Magic


You couldn't memorise any spells.
You knew the following spells:

 Your Spells              Type           Power        Failure   Level  Hunger
a - Sandblast             Erth           ###...       2%          1    None
b - Petrify               Tmut/Erth      ##......     45%         4    ####...
c - Stone Arrow           Conj/Erth      ##....       17%         3    ###....
d - Passwall              Tmut/Erth      ##........   8%          2    ##.....


Dungeon Overview and Level Annotations

Branches:
Dungeon (5/15)
 Temple: D:4-7

Altars:
Ashenzari
Okawaru
Sif Muna

Annotations:
D:4 Natasha


Innate Abilities, Weirdness & Mutations

You are resistant to torment.
Your stone body is resilient. (AC +4)
You are immune to poison.
You resist negative energy. (rN+)
You are resistant to electric shocks. (rElec)
You can survive without breathing.
You are immune to petrification.
You are immune to rotting.


Message History

Aiming: Stone Arrow
Press: ? - help, Shift-Dir - straight line, f/p - ogre
Aim: an ogre, wielding a giant club (moderately wounded)
The stone arrow hits the giant cockroach.
You kill the giant cockroach!
Your Fighting skill increases to level 1!
You now have 2/10 mp.
Casting: Stone Arrow
Confirm with . or Enter, or press ? or * to list all spells.
Aiming: Sandblast
Press: ? - help, Shift-Dir - straight line, f/p - ogre
Aim: an ogre, wielding a giant club (moderately wounded)
The blast of sand hits the ogre.
The ogre is severely wounded.
b - 84 stones You now have 1/10 mp.
Unknown command.
The ogre hits you with a giant club!!
Ouch! That really hurt!
You die...

Ї.Ї Ї.Ї
Ї.ЇЇ...........
Ї.ЇЇ.Ї
Ї.Ї.ЇЇ.ЇЇЇ....
ЇЇЇЇЇЇЇ.Ї.Ї
Ї..ЇЇ.Ї ЇЇ..Ї
..........Ї
Ї..ЇЇ.Ї Ї.Ї.
ЇЇЇЇЇЇЇ.Ї.ЇЇ
ЇЇ.ЇЇЇ.Ї Ї..Ї
Ї.ЇЇ†ЇЇ ЇЇ.ЇЇ
Ї.Ї Ї...
Ї<ЇЇЇ.ЇЇЇ.ЇЇ
Ї.Ї Ї... Ї)Ї
ЇЇ...ЇЇ
Ї.ЇЇЇЇЇЇЇ Ї.Ї
ЇЇ.ЇЇ Ї........
...ЇЇЇЇЇOЇ


ЇЇЇЇЇЇЇЇЇ Ї......@.Ї a.ЇЇЇЇЇЇЇЇ ЇЇЇ You could see an ogre and a worker ant
(wandering).

Vanquished Creatures
  An ogre (D:4)
  An orc priest (D:4)
  Natasha (D:4)
  A gnoll (D:4)
  2 adders (D:2)
  An adder skeleton (D:4)
  A worm (D:3)
  A leopard gecko (D:1)
  9 orcs
  A giant cockroach (D:4)
  7 goblins
  2 hobgoblins (D:2)
  2 jackals (D:3)
  3 kobolds
  2 quokkas (D:2)
  3 bats
  4 frilled lizards
  3 rats
45 creatures vanquished.

Notes
Turn   | Place    | Note
-------+----------+-------------------------------------------
     0 | D:1      | tminei the Gargoyle Earth Elementalist began the quest for the Orb.
     0 | D:1      | Reached XP level 1. HP: 10/10 MP: 3/3
   359 | D:1      | Zubo: о
   360 | D:1      | Zubo: не убивай его сразу
   360 | D:1      | pochemu?
   362 | D:1      | Zubo: иногда он долго может кидать камнями, для ЕЕ халявные "патроны")
   373 | D:1      | how to mele?
   374 | D:1      | Zubo: Просто "иди" на врага
   374 | D:1      | Reached skill level 4 in Earth Magic
   374 | D:1      | Reached XP level 2. HP: 10/15 MP: 1/5
   424 | D:1      | Learned a level 2 spell: Passwall
  1343 | D:2      | Reached XP level 3. HP: 19/19 MP: 1/6
  1600 | D:2      | Learned a level 3 spell: Stone Arrow
  1614 | D:2      | Found a shattered altar of Ashenzari.
  1746 | D:2      | Became a worshipper of Ashenzari the Shackled
  2062 | D:2      | Found a deep blue altar of Sif Muna.
  2230 | D:2      | Reached XP level 4. HP: 24/24 MP: 5/8
  2247 | D:2      | Learned a level 4 spell: Petrify
  2567 | D:3      | You fall through a shaft!
  2571 | D:4      | Noticed Natasha
  2578 | D:4      | Killed Natasha
  2723 | D:3      | You fall through a shaft!
  2756 | D:5      | Entered Level 5 of the Dungeon
  2857 | D:4      | Found an iron altar of Okawaru.
  2874 | D:4      | Reached XP level 5. HP: 22/28 MP: 1/9
  2878 | D:4      | Learned a level 2 spell: Passwall
  2905 | D:4      | Noticed an ogre
  2917 | D:4      | Killed an ogre
  2917 | D:4      | Reached skill level 1 in Short Blades
  3087 | D:4      | Noticed an ogre
  3096 | D:4      | Noticed Natasha
  3105 | D:4      | Reached skill level 1 in Fighting
  3111 | D:4      | Demolished by an ogre

Skill      XL: |  1  2  3  4  5 |
---------------+----------------+-----
Earth Magic    | 4 |  4.9
Dodging        | 2 |  2.4
Spellcasting   | 3 |  3.4
Short Blades   | 1 |  1.3
Fighting       | 1 |  1.0
Stealth        | |  2.9
Conjurations   | |  0.3
Transmutations | |  0.7

Action                   |  1- 3 |  4- 6 || total
-------------------------+-------+-------++-------
Melee: Unarmed           |     3 |       ||     3
       Hunting sling     |    26 |       ||    26
       Short sword       |     1 |    28 ||    29
Throw: Stone             |       |     1 ||     1
 Cast: Sandblast         |    39 |    11 ||    50
       Passwall          |     1 |       ||     1
       Stone Arrow       |     2 |    11 ||    13
Evoke: Wand              |       |     2 ||     2
  Use: Scroll            |     3 |       ||     3
       Potion            |     1 |     1 ||     2
 Stab: Sleeping          |     1 |     1 ||     2
  Eat: Ration            |     2 |       ||     2
       Chunk             |       |     1 ||     1
Armor: Robe              |    24 |    10 ||    34
Dodge: Dodged            |    61 |    24 ||    85
